cohdb
Replays
Latest Replays
All Replays
Popular Replays
Top Player Replays
Match Explorer
How It Works
Community
CoH3 Stats
Reddit
Sign in to upload your games and track your stats! →
Sign in with Steam
Greyhound (One Shoot , two Light tanks)
Match 18119541
Overview
Messages
Build Orders
End
Construct Barracks
1⁄4-ton 4x4 Truck
Selects Armored Battlegroup
Selects Veteran Crews
Riflemen Squad
Riflemen Squad
Grenade Package
Infantry Support Center
Construct Motor Pool
Selects Strength in Steel
M8 Greyhound Armored Car
M1 Anti-tank Gun Team
Perro Salvaje
Troyd
h45yang
书签
0
0
Comments
sign in to comment!
No comments posted yet!